[Event "*** Titled Tuesday Blitz"]
[Site "Chess.com"]
[Date "2021.03.02"]
[Round "7"]
[White "Artem_Koval"]
[Black "JiiHart"]
[Result "1-0"]
[WhiteElo "2225"]
[BlackElo "2081"]
[TimeControl "180+1"]
[EndTime "11:19:08 PST"]
[Termination "Artem_Koval won by resignation"]

1. d4 Nf6 2. Bf4 d5 3. e3 Bf5 4.
c4 e6 5. Nc3 c6 6. Qb3 Qb6 7.
c5 Qxb3 8. axb3 Nbd7 9. b4 Nh5 10.
Bg3 Nxg3 11. hxg3 Be7 12. b5 O-O 13. b4 e5 14. Nf3 Bf6 15. Kd2 Rfe8 16. bxc6 bxc6 17.
b5 exd4 18. exd4 cxb5 19. Nxd5 Rec8 20. Bxb5 Bxd4 21. Nxd4 Rxc5 22. Ne7+ Kf8 23. Nexf5 Nb6 24. Rac1 Rac8 25. Rxc5 Rxc5 26. Rc1 Rd5 27. Kd3 g6 28.
Ke4 gxf5+ 29. Ke3 Kg8 30. Rc7 a5 31. Rb7 Rd6 32. Nxf5 Re6+ 33. Kf3 a4 34. Ra7 h5 35. Bxa4 Rf6 36. Kf4 Kh7 37. Kg5 Rg6+ 38. Kxh5 Nc4 39.
Rxf7+ Kg8 40. Rc7 Ra6 41. Bb3 Kf8 42. Bxc4 Ra5 43. Kg5 Re5 44. Rf7+ Ke8 45. Kf6 Kd8 46. Kxe5 Kc8 47. Kd6 Kb8 48. Kc6 1-0

[Event "*** Titled Tuesday Blitz"]
[Site "Chess.com"]
[Date "2021.03.02"]
[Round "7"]
[White "miredenizdogan"]
[Black "ama18"]
[Result "0-1"]
[WhiteElo "2299"]
[BlackElo "2469"]
[TimeControl "180+1"]
[EndTime "11:19:09 PST"]
[Termination "ama18 won by resignation"]

1. d4 Nf6 2. c4 e6 3. Nc3 Bb4 4. e3 c5 5. Ne2 O-O 6. a3 Bxc3+ 7. Nxc3 cxd4 8. exd4 d5 9. Bg5 h6 10. Bh4 dxc4 11.
Bxc4 b6 12. O-O Bb7 13. d5 g5 14. Bg3 Nxd5 15. Nxd5 Bxd5 16. Bxd5 Qxd5 17. Qh5 Kg7 18. Rad1 Qf5 19. Bd6 Re8 20. g4 Qg6 21. Qh3 Nd7 22.
Qc3+ Kh7 23. f4 Rac8 24. Qh3 gxf4 25. Bxf4 Nf6 26. Bxh6 Qxg4+ 27. Qxg4 Nxg4 28. Bd2 f5 29. h3 Nf6 30. Bc3 Nd5 31. Be5 Rg8+ 32. Kh1 Rc2 33. Rg1 Rcc8 34. Rxg8 Rxg8 35. Rc1 Kg6 36. Rc6 Re8 37. a4 f4 38. Kg2 Kf5 39. Bd4 e5 40.
Bg1 e4 41. Rd6 Ke5 42. Rd7 Re7 43. Rd8 Rg7+ 44. Kf1 e3 45. Bh2 Ke4 46. Re8+ Re7 47. Rd8 f3 48. Bg3 Rg7 49. Re8+ Kd3 50. Bh4 Rg2 51.
Rd8 e2+ 52. Ke1 Rg1+ 53. Kf2 e1=Q+ 0-1

[Event "*** Titled Tuesday Blitz"]
[Site "Chess.com"]
[Date "2021.03.02"]
[Round "7"]
[White "andy_rekt"]
[Black "Azde"]
[Result "0-1"]
[WhiteElo "2270"]
[BlackElo "2435"]
[TimeControl "180+1"]
[EndTime "11:19:09 PST"]
[Termination "Azde won by resignation"]

1. d4 Nf6 2. c4 e6 3. Nc3 Bb4 4.
e3 b6 5. Ne2 Bb7 6. a3 Bd6 7.
d5 O-O 8. e4 a5 9. g3 Na6 10. Bg2 Nc5 11. O-O a4 12. Be3 exd5 13.
exd5 Re8 14. Nd4 Ba6 15. Ncb5 Bxb5 16. Nxb5 h6 17. Nxd6 cxd6 18. Qc2 Qc7 19. Rae1 Ng4 20. Bd4 Ne5 21. f4 Nb3 22. Bxe5 dxe5 23. fxe5 Rxe5 24. Rxe5 Qxe5 25. Qf2 Rf8 26. Qxb6 Qxb2 27. Bh3 Qe2 28. Bxd7 Qxc4 29. Bc6 Nd4 30. Qb4 Qd3 31. Bxa4 Qe3+ 32. Rf2 Nf3+ 33. Kg2 Ne1+ 34. Kf1 Qxf2+ 35. Kxf2 Nd3+ 36.
Ke3 Nxb4 37. axb4 Rb8 38. b5 Kf8 39. Kd4 Ke7 40. Kc5 Rc8+ 41. Kd4 Kd6 42. b6 Rb8 43. Bc6 Rxb6 44. Ke4 Rb2 45. h4 Rb3 46. Kf4 Rd3 47. Kg4 Ke5 48. Kh3 f5 49. h5 Rd4 50.
Kg2 Kf6 51. Kf3 Kg5 52. Ke3 Rd1 53. Kf3 Kxh5 54. Be8+ Kg5 55. Bf7 Kf6 56. Be6 g5 57. Ke3 Ke5 58. Ke2 Rxd5 59. Bxd5 Kxd5 60. Kf3 h5 61. Ke3 Ke5 62. Kf3 Kd4 0-1

[Event "*** Titled Tuesday Blitz"]
[Site "Chess.com"]
[Date "2021.03.02"]
[Round "7"]
[White "masrahi"]
[Black "BvsN"]
[Result "1/2-1/2"]
[WhiteElo "2221"]
[BlackElo "2292"]
[TimeControl "180+1"]
[EndTime "11:19:11 PST"]
[Termination "Game drawn by repetition"]

1. d4 d5 2. Bf4 c5 3. e3 Nc6 4. c3 Nf6 5. Nd2 Bf5 6. Qb3 Qd7 7. Ngf3 c4 8. Qd1 e6 9. Nh4 Be4 10. f3 Bd3 11. Bxd3 cxd3 12. g4 Bd6 13. Bxd6 Qxd6 14.
f4 Ne4 15. Nhf3 h5 16. gxh5 Rxh5 17. Ng5 Rh6 18. Ngxe4 dxe4 19. Nxe4 Qd5 20. Qxd3 O-O-O 21. O-O-O Qxa2 22. Nc5 Na5 23. h4 Kb8 24. Qb5 e5 25. Nd7+ Ka8 26. dxe5 a6 27. Nb6+ Ka7 28. Rxd8 Rxb6 29.
Ra8+ Kxa8 30. Qxb6 Qa1+ 31. Kc2 Qxh1 32. Qxa5 Qxh4 33.
Qc5 Qf2+ 34. Kb3 Qe2 35. Qd4 Qb5+ 36. Kc2 Qe2+ 37. Qd2 Qf1 38. Qd4 Qe2+ 39. Kb3 Qb5+ 40. Qb4 Qd5+ 41. Qc4 Qd1+ 42. Ka2 Qf3 43. Qxf7 Qxe3 44.
Qxg7 Qc5 45. Qf7 Qa5+ 46. Kb1 Qb5 47. Kc2 Qe2+ 48. Kb3 Qb5+ 49. Kc2 Qe2+ 50. Kc1 Qe1+ 51. Kc2 Qe2+ 1/2-1/2

[Event "*** Titled Tuesday Blitz"]
[Site "Chess.com"]
[Date "2021.03.02"]
[Round "7"]
[White "ChristopherYoo"]
[Black "klimkoj"]
[Result "1-0"]
[WhiteElo "2891"]
[BlackElo "2597"]
[TimeControl "180+1"]
[EndTime "11:19:12 PST"]
[Termination "ChristopherYoo won by resignation"]

1. d4 Nf6 2. Nf3 e6 3. c4 Bb4+ 4. Bd2 Qe7 5. g3 Bxd2+ 6. Qxd2 Nc6 7. Bg2 Ne4 8. Qc2 Qb4+ 9. Nbd2 Nxd2 10. Qxd2 Qxc4 11. O-O Qb4 12. Qc1 O-O 13. a3 Qe7 14. b4 d5 15. Qc3 Qd6 16. Rac1 Bd7 17. b5 Nb8 18. Qxc7 Qxc7 19. Rxc7 Bxb5 20. Rxb7 Bxe2 21. Rc1 Na6 22. Ne5 f6 23. Nc6 Rf7 24. Rb2 Bc4 25. Na5 Rc8 26. Nxc4 dxc4 27. Bf1 c3 28. Bxa6 cxb2 29. Rxc8+ Rf8 30. Rxf8+ Kxf8 31. Bd3 Ke7 32. Kf1 Kd6 33. Ke2 Kd5 34. Ke3 a5 35. f4 h5 36.
h4 g6 37. a4 f5 38. Bc2 Kc4 39. Kd2 Kxd4 40. Bd3 e5 41. fxe5 Kxe5 42. Kc3 f4 43.
gxf4+ Kxf4 44. Bxg6 Kg4 45. Kxb2 Kxh4 46. Kc3 Kg5 47. Be4 Kf4 48. Bh1 Ke5 49. Kc4 Kd6 50.
Kb5 Kc7 51. Kxa5 Kb8 52. Kb6 h4 53. a5 h3 54. a6 h2 55. Bb7 1-0

[Event "*** Titled Tuesday Blitz"]
[Site "Chess.com"]
[Date "2021.03.02"]
[Round "7"]
[White "DenishevM"]
[Black "jerry_77"]
[Result "1-0"]
[WhiteElo "2634"]
[BlackElo "2478"]
[TimeControl "180+1"]
[EndTime "11:19:12 PST"]
[Termination "DenishevM won by checkmate"]

1. d4 Nf6 2. c4 e6 3. Nf3 d5 4. Nc3 Bb4 5. Bg5 h6 6. Bxf6 Qxf6 7. e3 O-O 8. Qc2 c6 9. Bd3 Re8 10. O-O Nd7 11. e4 Bxc3 12. Qxc3 dxe4 13. Bxe4 e5 14.
Rfe1 exd4 15. Bh7+ Kf8 16. Qa3+ c5 17. Be4 Qd6 18.
Rad1 Nf6 19. Rxd4 Qe7 20. Bd3 Qxe1+ 21. Nxe1 Rxe1+ 22. Bf1 b6 23. Rd8+ Re8 24. Rxe8+ Kxe8 25. Qf3 Rb8 26. Qg3 Rb7 27. Qxg7 Ke7 28. Qxh6 Be6 29. Qg5 Rd7 30. h4 Rd1 31. b3 Bg4 32. Qe5+ Be6 33.
h5 Ng4 34. Qg5+ Nf6 35. h6 Rd8 36. h7 Rh8 37. Bd3 Rd8 38. g3 Rxd3 39. h8=Q Rd1+ 40. Kg2 Bh3+ 41. Qxh3 Rd6 42. Qh8 Re6 43. Qb8 Kd7 44. Qxa7+ Ke8 45. Qb8+ Kd7 46. Qb7+ Ke8 47. Qg7 Nd7 48.
Qg8+ Ke7 49. Qbc8 Nf6 50. Qgd8# 1-0

[Event "*** Titled Tuesday Blitz"]
[Site "Chess.com"]
[Date "2021.03.02"]
[Round "7"]
[White "AttilaTurzo"]
[Black "frederiksvane"]
[Result "1-0"]
[WhiteElo "2557"]
[BlackElo "2669"]
[TimeControl "180+1"]
[EndTime "11:19:13 PST"]
[Termination "AttilaTurzo won on time"]

1. d4 Nf6 2. Nf3 g6 3. Bg5 Bg7 4. c3 O-O 5. Nbd2 d5 6. e3 c5 7. Be2 b6 8. a4 Nc6 9. Qb3 h6 10. Bh4 g5 11. Bg3 Nh5 12. Ne5 Nxe5 13. Bxe5 Nf6 14. a5 Be6 15. O-O Bf5 16. axb6 Qxb6 17. Ra6 Qxb3 18. Nxb3 cxd4 19. Nxd4 Bc8 20. Ra5 a6 21.
Rfa1 e6 22. Bxa6 Bxa6 23. Rxa6 Rxa6 24. Rxa6 Ne4 25. Bxg7 Kxg7 26. Kf1 Rb8 27. Ra2 Nd2+ 28. Ke2 Nc4 29. b3 Nd6 30. Rb2 Ne4 31. Kd3 e5 32. Nc6 Nc5+ 33. Kc2 Re8 34. b4 Ne4 35. f3 Nd6 36. b5 Nc4 37. Rb4 Nxe3+ 38. Kd3 Nf5 39. b6 e4+ 40. fxe4 dxe4+ 41. Rxe4 Rf8 42. b7 Nd6 43.
Rb4 Nxb7 44. Rxb7 Kf6 45. Nd4 Ra8 46. Rb6+ Ke5 47. Rxh6 Ra2 48. g3 f5 49. Re6+ 1-0

[Event "*** Titled Tuesday Blitz"]
[Site "Chess.com"]
[Date "2021.03.02"]
[Round "7"]
[White "NikolaGry"]
[Black "Sergey85Rodchenkov"]
[Result "0-1"]
[WhiteElo "2597"]
[BlackElo "2487"]
[TimeControl "180+1"]
[EndTime "11:19:14 PST"]
[Termination "Sergey85Rodchenkov won on time"]

1. b3 Nf6 2. Bb2 b6 3. c4 Bb7 4. Nf3 g6 5. Bxf6 exf6 6. e3 Bg7 7. Nc3 f5 8. g3 O-O 9. Bg2 d6 10. d4 Nd7 11. O-O Re8 12. Rc1 h5 13. Re1 Nf6 14.
b4 a5 15. a3 axb4 16. axb4 Ne4 17. Nxe4 fxe4 18. Nd2 h4 19. Qg4 hxg3 20. hxg3 Qe7 21. c5 bxc5 22. dxc5 Ra2 23. cxd6 cxd6 24. Nc4 Bd5 25. Nb6 Bb7 26. Bf1 d5 27. Rc5 Rd8 28. Rd1 Qf6 29. Qf4 Qxb6 30. Rc7 Rf8 31. Rdc1 Ra1 32. b5 Rxc1 33. Rxc1 d4 34. Qc7 Qxc7 35. Rxc7 Rb8 36. Bc4 d3 37. Bxf7+ Kh7 38. Bc4 Kh6 39. Kf1 Bc8 40. f3 exf3 41. Bxd3 Bg4 42.
Rc6 Be5 43. Rxg6+ Kh5 44. Rc6 Bxg3 45. Bg6+ Kh4 46. Bd3 Be5 47. Rh6+ Kg3 48. Rg6 Rc8 49. Rc6 Rd8 0-1

[Event "*** Titled Tuesday Blitz"]
[Site "Chess.com"]
[Date "2021.03.02"]
[Round "7"]
[White "Ladislav1969"]
[Black "chescomhuynya"]
[Result "1-0"]
[WhiteElo "2315"]
[BlackElo "2554"]
[TimeControl "180+1"]
[EndTime "11:19:14 PST"]
[Termination "Ladislav1969 won on time"]

1. e4 c5 2. d4 cxd4 3. c3 d3 4. Bxd3 Nc6 5. c4 d6 6. Nc3 g6 7. f4 Bg7 8. Nf3 Nf6 9. h3 O-O 10. Be3 Bd7 11. Rc1 Rc8 12. O-O Nb4 13. a3 Nxd3 14. Qxd3 a6 15. Bd4 Be6 16. Nd5 Bxd5 17. cxd5 Qd7 18. Kh2 Rxc1 19. Rxc1 Rc8 20. Rxc8+ Qxc8 21.
Bc3 Qc5 22. Nd4 Nh5 23. g3 Nf6 24. b4 Qb6 25. Kg2 Qc7 26. Bd2 Nd7 27. Be3 Nb6 28.
Qc2 Nc4 29. Kf2 Bxd4 30. Bxd4 b5 31. Qc3 Qd7 32. g4 f6 33. Kf3 Kf7 34. h4 h5 35. f5 hxg4+ 36. Kxg4 gxf5+ 37. exf5 Qc8 38. Kf4 Qh8 39. Qe1 Qh6+ 40. Kf3 Nd2+ 41. Kg4 Qg7+ 42. Kf4 Qg2 43. Qe6+ Kf8 44. Bxf6 Qf3+ 45. Kg5 Ne4+ 46. Kg6 Qg4+ 47. Bg5 Nxg5 48. hxg5 1-0

[Event "*** Titled Tuesday Blitz"]
[Site "Chess.com"]
[Date "2021.03.02"]
[Round "7"]
[White "Chowman64"]
[Black "verdest"]
[Result "1/2-1/2"]
[WhiteElo "2722"]
[BlackElo "2502"]
[TimeControl "180+1"]
[EndTime "11:19:15 PST"]
[Termination "Game drawn - insufficient material"]

1. Nf3 d5 2. d4 c6 3. c4 Nf6 4.
Nbd2 Bf5 5. Nh4 Bg4 6. h3 Bh5 7. g4 Bg6 8. Qb3 Qb6 9. Nxg6 hxg6 10. Bg2 e6 11. g5 Nfd7 12. e4 dxe4 13. Nxe4 Be7 14.
Be3 Na6 15. O-O Qxb3 16. axb3 Nb4 17. Rad1 O-O 18. Nc3 Nb6 19. h4 Rfd8 20. Bf3 Nc2 21. Rd2 Nxe3 22. fxe3 Rd7 23. c5 Nd5 24. Nxd5 cxd5 25.
b4 b6 26. Ra1 Rc8 27. Kf2 a5 28.
bxa5 bxc5 29. b3 cxd4 30. exd4 Bb4 31. Rda2 Bc3 32. Rd1 Ra7 33. a6 Rb8 34. Rd3 Rxb3 35. Ke3 Rb2 36. Ra3 Bb4 37. Ra1 Rc2 38. Bd1 Rc6 39.
Rb3 Bc3 40. Raa3 Be1 41. Be2 f5 42. gxf6 gxf6 43. Rb7 Rxb7 44. axb7 Bg3 45. Ra8+ Kg7 46. b8=Q Bxb8 47. Rxb8 Rc3+ 48. Kf2 Rh3 49. Rb6 Rxh4 50. Rxe6 Rxd4 51. Ke3 Re4+ 52. Rxe4 dxe4 53. Kxe4 f5+ 54. Ke3 f4+ 55. Kxf4 g5+ 56. Kxg5 1/2-1/2

[Event "*** Titled Tuesday Blitz"]
[Site "Chess.com"]
[Date "2021.03.02"]
[Round "7"]
[White "kleopl"]
[Black "The_filthy"]
[Result "1-0"]
[WhiteElo "2487"]
[BlackElo "2340"]
[TimeControl "180+1"]
[EndTime "11:19:15 PST"]
[Termination "kleopl won on time"]

1. c4 c6 2. Nf3 Nf6 3. b3 d5 4. Bb2 g6 5. d3 Bg7 6. Nbd2 O-O 7.
Qc2 Bg4 8. h3 Bxf3 9. Nxf3 e6 10.
e4 dxe4 11. dxe4 Nbd7 12. Rd1 Qc7 13. Be2 e5 14. O-O Nh5 15. g3 Rfd8 16. Ba3 Qb6 17.
Be7 Nxg3 18. Bxd8 Rxd8 19. Rfe1 Nh5 20. Ng5 Nf4 21. Bg4 Nf8 22. h4 h6 23. Nh3 h5 24.
Nxf4 hxg4 25. Ng2 Ne6 26. Ne3 Nd4 27. Rxd4 exd4 28. Nxg4 d3 29. Qd2 Qd4 30. Nh2 Qf6 31. Qg5 d2 32. Rd1 Qd4 33. Nf1 Bf6 34. Qg4 Qb2 35.
Qf4 Kg7 36. Rxd2 Qc1 37. Kg2 Re8 38. Qe3 Qa3 39. h5 Qe7 40. Ng3 Rh8 41. Qf3 Qe6 42.
hxg6 fxg6 43. Kf1 Be5 44. Ke2 Rf8 45. Qe3 Qg4+ 46. Ke1 Bf4 47. Qd4+ Kh7 48. Rd3 1-0

[Event "*** Titled Tuesday Blitz"]
[Site "Chess.com"]
[Date "2021.03.02"]
[Round "7"]
[White "agartha01"]
[Black "Susal_De_Silva"]
[Result "1-0"]
[WhiteElo "2535"]
[BlackElo "2644"]
[TimeControl "180+1"]
[EndTime "11:19:16 PST"]
[Termination "agartha01 won by resignation"]

1. d4 Nf6 2. Bf4 e6 3. e3 d5 4.
Nf3 Bd6 5. Bg3 O-O 6. Nbd2 b6 7. c3 Bb7 8. Bd3 c5 9. O-O Nc6 10. Qe2 Re8 11. Rad1 e5 12. dxc5 bxc5 13. e4 d4 14. Bc4 Nd7 15. Bh4 Be7 16. Bxe7 Qxe7 17. Bd5 Nb6 18. Nc4 Nxc4 19. Qxc4 Na5 20. Qb5 Bxd5 21.
exd5 Qc7 22. b4 cxb4 23. cxd4 e4 24. Ne5 Rab8 25. Qa4 f6 26. Rc1 Qd6 27. Qxa5 fxe5 28. Rc6 Qe7 29. Rc7 Qg5 30. dxe5 e3 31. f4 Qg4 32. h3 Qg3 33. Rf3 Qe1+ 34. Kh2 Qh4 35. Qxa7 Qh6 36. Rg3 g6 37. Qxe3 Ra8 38. f5 Qh5 39.
fxg6 hxg6 40. Rg5 Qh6 41. Qg3 Ra6 42. e6 Kh8 43. Rxg6 Qh5 44. Rgg7 Ra3 45. Rh7+ Qxh7 46.
Qe5+ Kg8 47. Rxh7 Kxh7 48. Qh5+ Kg7 49. Qxe8 1-0

[Event "*** Titled Tuesday Blitz"]
[Site "Chess.com"]
[Date "2021.03.02"]
[Round "7"]
[White "Ekose"]
[Black "A-S-00"]
[Result "1-0"]
[WhiteElo "2535"]
[BlackElo "2395"]
[TimeControl "180+1"]
[EndTime "11:19:16 PST"]
[Termination "Ekose won by resignation"]

1. d4 d5 2. Nf3 Nf6 3. e3 c5 4. c3 Nc6 5. Nbd2 Bg4 6. Bb5 e6 7. Qa4 Nd7 8. Bxc6 bxc6 9. Qxc6 Rc8 10. Qa4 Bxf3 11. Nxf3 Bd6 12. O-O Qc7 13. Re1 O-O 14.
h3 e5 15. dxe5 Nxe5 16. Nxe5 Bxe5 17. Bd2 Rb8 18. Qc2 Bf6 19. Rad1 Qb6 20. Bc1 Rfd8 21. Qf5 g6 22. Qf3 Qe6 23. Qg4 Kg7 24. Qxe6 fxe6 25. Kf1 Rb7 26. e4 d4 27. cxd4 Bxd4 28. b3 e5 29. Bg5 Rc8 30. Rc1 Rb6 31. Rc2 a5 32. Rc4 Rf8 33. f3 Rb4 34. Rec1 h6 35. Bd2 Rb5 36. Ra4 Ra8 37. Ke2 g5 38. Kd3 Kf6 39.
Rcc4 Ke6 40. Ra3 Kd6 41. Rca4 Bb2 42. Rxa5 Raxa5 43. Rxa5 Rb6 44. Ra4 Bd4 45. Bc3 Rb7 46. Ra6+ Ke7 47. Rxh6 Ra7 48. Rh7+ 1-0

[Event "*** Titled Tuesday Blitz"]
[Site "Chess.com"]
[Date "2021.03.02"]
[Round "7"]
[White "ruvat"]
[Black "PowerThinking2650"]
[Result "1-0"]
[WhiteElo "2347"]
[BlackElo "2449"]
[TimeControl "180+1"]
[EndTime "11:19:17 PST"]
[Termination "ruvat won on time"]

1. d4 Nf6 2. c4 g6 3. Nf3 Bg7 4. g3 O-O 5. Bg2 d6 6. O-O Nbd7 7. Nc3 e5 8. e4 exd4 9. Nxd4 Re8 10. h3 a6 11. Be3 Rb8 12. a4 Nc5 13. Qc2 a5 14. Rad1 Nfd7 15. Ndb5 b6 16. b3 Bb7 17. Rfe1 Na6 18. Qd2 Ndc5 19. Bxc5 bxc5 20. Nb1 h5 21. Qxa5 h4 22. g4 Be5 23. Qd2 Qf6 24. N5c3 Bf4 25. Qe2 Nb4 26. Nd5 Nxd5 27. cxd5 Bxd5 28.
Rxd5 Rxb3 29. Nd2 Rb2 30. Rd1 Be5 31. Qf3 Re6 32. Nc4 Rc2 33. Nxe5 dxe5 34. Qxf6 Rxf6 35. R1d2 Rc4 36. a5 Ra6 37. Rxe5 Rxa5 38. Re7 Rc1+ 39. Kh2 Ra8 40. e5 Rf8 41. Rxc7 c4 42. Bd5 c3 43. Re2 Rd8 44. Bxf7+ Kh8 45. Bxg6 Rd2 46. Rxd2 cxd2 47. Rd7 d1=Q 48. Rxd1 Rxd1 49. Bf5 Re1 50. e6 Kg7 51. g5 1-0

[Event "*** Titled Tuesday Blitz"]
[Site "Chess.com"]
[Date "2021.03.02"]
[Round "7"]
[White "CzechmVIII"]
[Black "onetowin"]
[Result "1-0"]
[WhiteElo "2242"]
[BlackElo "2136"]
[TimeControl "180+1"]
[EndTime "11:19:17 PST"]
[Termination "CzechmVIII won on time"]

1. e4 c5 2. Nf3 e6 3. Nc3 Nc6 4. d4 cxd4 5. Nxd4 Qc7 6. Qd3 a6 7. Nxc6 bxc6 8. Qg3 d6 9. Be2 Nf6 10. O-O Be7 11. Qxg7 Rg8 12. Qh6 Rg6 13. Qh3 e5 14. Qd3 d5 15. f4 d4 16. Nd1 a5 17. fxe5 Ba6 18. Qf3 Qxe5 19. Bxa6 Rxa6 20. Nf2 Bd6 21.
g3 Ra7 22. Nd3 Qe7 23. e5 Bxe5 24. Nxe5 Qxe5 25. Bf4 Qc5 26. Rae1+ Kf8 27. Kg2 Kg8 28.
Be5 Ng4 29. Bf4 Ne3+ 30. Bxe3 dxe3 31. Qxe3 Qxc2+ 32. Rf2 Qc4 33. Qe8+ Kg7 34. Qe5+ Kg8 35. Qe8+ Kg7 36. Qe5+ Kg8 37. Qb8+ Kg7 38. Qxa7 Qd5+ 39. Kg1 Rd6 40. Qe3 Re6 41. Qc3+ Kg8 42. Rxe6 Qxe6 43. Qf3 Qe1+ 44. Kg2 Qe7 45. Qf6 Qd7 46. Qf3 Kf8 47.
h3 Kg8 48. Qe3 Qd5+ 49. Qf3 Qxa2 50. Qg4+ Kf8 51. Qf4 1-0

[Event "*** Titled Tuesday Blitz"]
[Site "Chess.com"]
[Date "2021.03.02"]
[Round "7"]
[White "ChessQueen"]
[Black "Majesth"]
[Result "1/2-1/2"]
[WhiteElo "2722"]
[BlackElo "2582"]
[TimeControl "180+1"]
[EndTime "11:19:18 PST"]
[Termination "Game drawn - insufficient material"]

1. e4 g6 2. d4 Bg7 3. Nc3 d6 4. h4 h5 5. Nf3 a6 6. Bc4 b5 7. Bb3 e6 8. Bg5 Ne7 9. a4 b4 10. Ne2 Bb7 11. Ng3 Nd7 12. Qd2 a5 13. O-O c5 14. Rfe1 Rc8 15. c3 Qb6 16. cxb4 Qxb4 17. Qxb4 cxb4 18. Bf4 d5 19. exd5 Bxd5 20. Bxd5 Nxd5 21.
Bd6 Rc6 22. Bc5 Nxc5 23. dxc5 Rxc5 24. Re2 Ke7 25. Rd1 Rd8 26. Red2 Rdc8 27. Nd4 Rc1 28.
Nge2 Rxd1+ 29. Rxd1 Be5 30. g3 Bf6 31. Kg2 Nb6 32.
b3 Nd5 33. Rd3 Nc3 34. Nxc3 Rxc3 35. Rxc3 bxc3 36. Nc2 Kd6 37. Kf3 Kc5 38. Ke3 g5 39.
hxg5 Bxg5+ 40. Kd3 Bf6 41. Ke4 h4 42. gxh4 Bxh4 43.
f3 Bf6 44. Kd3 Bg7 45. Ne3 Kb4 46. Kc2 Bd4 47. Nc4 e5 48. Nd6 f6 49. Nf5 Kc5 50.
Kd3 Kd5 51. Ng3 Ke6 52. Ne4 f5 53. Nxc3 Bxc3 54. Kxc3 Kd5 55. b4 axb4+ 56. Kxb4 e4 57. fxe4+ fxe4 58. a5 Kc6 59. Kc4 e3 60. Kd3 Kb5 61.
Kxe3 Kxa5 1/2-1/2

[Event "*** Titled Tuesday Blitz"]
[Site "Chess.com"]
[Date "2021.03.02"]
[Round "7"]
[White "LamaChampetre"]
[Black "zacachess"]
[Result "0-1"]
[WhiteElo "2216"]
[BlackElo "2441"]
[TimeControl "180+1"]
[EndTime "11:19:18 PST"]
[Termination "zacachess won by resignation"]

1. d4 Nf6 2. c4 e6 3. Nf3 Bb4+ 4.
Nbd2 b6 5. g3 Bb7 6. Bg2 O-O 7.
O-O c5 8. d5 d6 9. Nb1 exd5 10.
Nh4 b5 11. cxd5 Bc8 12. a3 Ba5 13. a4 b4 14. b3 Re8 15. Nd2 Ba6 16. Re1 Nbd7 17.
Bb2 Ne5 18. Rc1 Qd7 19. Bxe5 Rxe5 20. Nc4 Bxc4 21. Rxc4 Rae8 22. e3 Qb7 23. Nf3 Re4 24. Nd2 R4e7 25. Nb1 Nd7 26. Nd2 Bd8 27. e4 Nb6 28. Rc1 Nxd5 29. exd5 Rxe1+ 30. Qxe1 Rxe1+ 31. Rxe1 Kf8 32. Nc4 Be7 33. a5 Qd7 34. f4 Qf5 35. Be4 Qf6 36. Kf2 g6 37. Re3 Qd4 38. Bg2 Kg7 39. h3 h5 40. Bf3 h4 41. Bg2 hxg3+ 42. Kxg3 Bf8 43. Bf3 Kg8 44. Re4 Qc3 45. Re3 Qc1 46. h4 Bh6 47. h5 Kg7 48. hxg6 Kxg6 49. Be4+ Kg7 50. Bf3 Kf6 51. Nxd6 Qxe3 52. Ne8+ Qxe8 53.
d6 Qd7 54. Bg4 Qxd6 0-1

[Event "*** Titled Tuesday Blitz"]
[Site "Chess.com"]
[Date "2021.03.02"]
[Round "7"]
[White "politeplayer"]
[Black "Jan1401"]
[Result "0-1"]
[WhiteElo "2221"]
[BlackElo "2375"]
[TimeControl "180+1"]
[EndTime "11:19:18 PST"]
[Termination "Jan1401 won by checkmate"]

1. e4 e6 2. d4 d5 3. exd5 exd5 4. Nf3 Nf6 5. Bd3 c5 6. O-O Nc6 7. Re1+ Be7 8. dxc5 O-O 9. Nbd2 Bxc5 10. Nb3 Bb6 11. Bg5 Bg4 12. h3 Bh5 13. a4 a6 14. a5 Ba7 15. Ra4 Qd6 16. Rh4 Bg6 17. Bxg6 hxg6 18. Qd2 Rfe8 19. Rxe8+ Rxe8 20. Bxf6 Qxf6 21. Rf4 Qd6 22. Ng5 f6 23. Nf3 g5 24. Ra4 Ne5 25.
Nxe5 Qxe5 26. Ra1 Kf8 27. Rd1 Bb8 28. g3 Ba7 29. Qxd5 Qxg3+ 30. Kh1 Qxh3+ 31. Kg1 Qg4+ 32. Kh1 Qe4+ 33. Qxe4 Rxe4 34. Rd7 Rb4 35. Nd2 Rxb2 36. Nc4 Rxc2 37. Nd6 Bxf2 38. Rf7+ Kg8 39. Rxb7 g4 40.
Nf5 g6 41. Nh6+ Kh8 42. Nf7+ Kg7 43. Ne5+ Kh6 44. Nxg4+ Kg5 45. Nxf2 Rxf2 46. Rb6 Kg4 47. Rxa6 Kg3 48. Kg1 Rf4 49. Ra7 g5 50. a6 f5 51.
Ra8 Ra4 52. Kf1 f4 53. a7 f3 54. Rg8 Ra1# 0-1

[Event "*** Titled Tuesday Blitz"]
[Site "Chess.com"]
[Date "2021.03.02"]
[Round "7"]
[White "Grandelicious"]
[Black "jacky72"]
[Result "1-0"]
[WhiteElo "2857"]
[BlackElo "2703"]
[TimeControl "180+1"]
[EndTime "11:19:19 PST"]
[Termination "Grandelicious won by resignation"]

1. d4 Nf6 2. c4 c6 3. Nf3 d5 4. Nbd2 g6 5. e3 Bg7 6. b3 O-O 7. Bb2 a5 8. Be2 Bf5 9. O-O Ne4 10. Nxe4 Bxe4 11. Nd2 Bf5 12. Bf3 Na6 13. a3 Re8 14. Qe2 e5 15. dxe5 Bxe5 16. Bxe5 Rxe5 17. cxd5 cxd5 18.
Qb5 Qe7 19. Qxa5 d4 20. Qb6 dxe3 21. fxe3 Nc5 22. Nc4 Re6 23. Qb4 Bd3 24. Rf2 Bxc4 25. Qxc4 Rxe3 26. Bd5 Ne6 27. Raf1 Rf8 28. a4 Kg7 29. a5 f5 30. b4 Ng5 31. Qd4+ Rf6 32. Bxb7 Re1 33. a6 Rxf1+ 34. Rxf1 Ne6 35. Qf2 Qxb4 36.
Ra1 Nc7 37. h3 Qb6 38. Qxb6 Rxb6 39. Bc8 Na8 40. Rc1 Rb2 41. Bb7 Nb6 42. Kh2 Kf6 43. Rc7 Kg5 44. Rxh7 Nc4 45. Rc7 Nb6 46. Rc6 Nd5 47.
a7 Rxb7 48. a8=Q Rb2 49. Qd8+ Kf4 50. Qxd5 Rd2 51. Qxd2+ 1-0

[Event "*** Titled Tuesday Blitz"]
[Site "Chess.com"]
[Date "2021.03.02"]
[Round "7"]
[White "superchess02"]
[Black "MatyChess1"]
[Result "0-1"]
[WhiteElo "2772"]
[BlackElo "2604"]
[TimeControl "180+1"]
[EndTime "11:19:20 PST"]
[Termination "MatyChess1 won by resignation"]

1. d4 d6 2. c4 Nd7 3. Nf3 e5 4.
Nc3 Ngf6 5. e4 g6 6. Be2 Bg7 7. O-O exd4 8. Nxd4 O-O 9. f3 Re8 10. Kh1 a5 11. Be3 c6 12. Qd2 Nc5 13. Rad1 Qc7 14.
Nc2 Bf8 15. Bf4 Rd8 16. Bg5 Be7 17. Ne3 Be6 18. Qd4 Ne8 19. Bxe7 Qxe7 20. f4 f6 21. Bf3 Bf7 22. Ng4 Kg7 23. Rfe1 h5 24. Nf2 Nc7 25. b3 Rd7 26. Nd3 N7e6 27. Qe3 Nxd3 28. Rxd3 Nc5 29.
Rd2 Re8 30. Red1 g5 31. g3 g4 32. Bg2 Kg8 33. Kg1 f5 34. Re2 fxe4 35. f5 Qf6 36.
Rf1 Rde7 37. Rd2 Re5 38. Ne2 Nd3 39. Nf4 Rxf5 40. Bxe4 Nxf4 41. gxf4 d5 42. cxd5 cxd5 43.
Rc1 Rxe4 44. Rc8+ Kg7 45. Qd3 Rfxf4 46. Rd1 Qd4+ 47. Qxd4+ Rxd4 48. Re1 Rfe4 49. Rxe4 dxe4 50. Rc7 e3 51. Kf1 Rd1+ 52. Ke2 Rd2+ 53. Kxe3 Rxa2 54.
h4 gxh3 55. Rc2 Rxc2 0-1

[Event "*** Titled Tuesday Blitz"]
[Site "Chess.com"]
[Date "2021.03.02"]
[Round "7"]
[White "Vugar_Manafov"]
[Black "MrChampion_Coach"]
[Result "1-0"]
[WhiteElo "2633"]
[BlackElo "2481"]
[TimeControl "180+1"]
[EndTime "11:19:20 PST"]
[Termination "Vugar_Manafov won on time"]

1. Nf3 Nf6 2. g3 b5 3. Bg2 Bb7 4. O-O a6 5. d3 e6 6. e4 d5 7.
Nc3 Be7 8. h3 c5 9. Nd2 Nc6 10.
f4 dxe4 11. dxe4 Qb6 12. Kh2 Rd8 13. Ne2 c4 14. c3 h5 15. Qc2 h4 16. g4 Qe3 17.
Nxc4 Qd3 18. Qxd3 Rxd3 19. Ne3 Na5 20. e5 Bxg2 21. Kxg2 Ne4 22. Kf3 Ng3 23. Rd1 Rxd1 24. Nxd1 O-O 25. Nxg3 hxg3 26. Kxg3 Rd8 27. Nf2 Bc5 28.
Ne4 Bb6 29. b3 Rd3+ 30. Kg2 b4 31. cxb4 Bd4 32. Rb1 Nc6 33. Bb2 Bb6 34. Rc1 Nxb4 35. Ng5 Rd8 36. Kf3 Nd3 37. Rb1 Ba7 38. Ba3 Rc8 39.
Rd1 Nc5 40. Rc1 f6 41. exf6 gxf6 42. Nxe6 Rc6 43. Nxc5 Kf7 44. b4 a5 45. b5 Rb6 46.
Rb1 Rb8 47. b6 Bxb6 48. Nd7 Rb7 49. Nxb6 f5 50. g5 Kg6 51. h4 a4 52. Rb2 Kh5 53.
Nd5 Rf7 54. Nf6+ Kg6 55. h5+ Kg7 56. Rb8 Rc7 57. Ne8+ 1-0

[Event "*** Titled Tuesday Blitz"]
[Site "Chess.com"]
[Date "2021.03.02"]
[Round "7"]
[White "Vallek86"]
[Black "Angel_Hranitel_37"]
[Result "1-0"]
[WhiteElo "2387"]
[BlackElo "2490"]
[TimeControl "180+1"]
[EndTime "11:19:20 PST"]
[Termination "Vallek86 won by checkmate"]

1. d4 Nf6 2. Bg5 b6 3. Bxf6 gxf6 4. e3 Ba6 5. Bxa6 Nxa6 6. c3 Rg8 7. Qf3 c6 8. Ne2 Nc7 9. Nd2 f5 10. Qxf5 Rg6 11. Nf4 Rg7 12. g3 e6 13. Qd3 d5 14.
e4 Qd7 15. e5 O-O-O 16. O-O-O Kb7 17. Nh5 Rg6 18. Nf6 Qe7 19. Nxh7 Bh6 20. h4 c5 21. Nf6 Rc8 22. Kb1 cxd4 23. cxd4 Na6 24. a3 Rxf6 25.
exf6 Qxf6 26. Nf3 Nb8 27. Ne5 Qe7 28. f4 f6 29. Ng6 Qd7 30. g4 Rc4 31. g5 Bg7 32. gxf6 Bxf6 33. Ne5 Bxe5 34. fxe5 Qb5 35. h5 Nc6 36. Qe3 Qa4 37. Rd2 Nxd4 38. h6 Nb3 39.
Rg2 d4 40. Qf3+ Ka6 41. h7 Qb5 42. h8=Q d3 43. Qd8 d2 44. Rxd2 Nxd2+ 45. Qxd2 Qc5 46. Qfd3 b5 47. Rc1 Qxe5 48. Qd6+ Qxd6 49. Qxd6+ Ka5 50.
Rxc4 bxc4 51. Qb4+ Ka6 52. a4 e5 53. Qb5# 1-0